Map: Newkirk Precinct TE (Void)

Players

Musumeci

  • Race: Zerg Zerg
  • League: Diamond
  • Spawn Location: 5:00

madhum - Winner!

  • Race: Zerg Zerg
  • League: Diamond
  • Spawn Location: 7:00

VOD

Have the link to the VOD?

Description

Time

  • Played on: Jan. 11, 2017, 1:03 p.m.
  • Length: 9:17
Show
View Real Time Build Order
Export as new Build Order

Musumeci Zerg 

Build Orders: Hatch First 

Get SALT Encoding   

  12  0:07  Drone  
  12  0:08  Drone  
  14  0:16  Drone, Extractor  
  15  0:46  Hatchery  
  15  0:48  Extractor  
  13  0:53  Drone  
  13  0:54  Overlord  
  15  1:11  Spawning Pool  
  14  1:13  Drone  
  15  1:23  Evolution Chamber  
  15  1:24  Drone  
  15  1:29  Drone  
  15  1:30  Extractor  
  15  1:33  Drone  
  15  1:37  Drone  
  17  1:57  Queen  
  17  1:59  Queen  
  21  2:04  Zergling x2  
  22  2:08  Drone  
  22  2:11  Drone  
  24  2:24  Drone x3  
  24  2:27  Drone  
  28  2:37  Overlord  
  28  2:55  Drone x3  
  28  2:56  Drone  
  32  3:02  Baneling Nest  
  31  3:06  Metabolic Boost  
  31  3:20  Roach Warren  
  31  3:21  Drone x5  
  31  3:23  Extractor  
  31  3:24  Extractor  
  32  3:36  Drone x2  
  35  3:50  Overlord x2  
  33  4:12  Roach x3  
  33  4:13  Roach  
  41  4:27  Drone x7  
  41  4:30  Hatchery  
  47  4:37  Drone x4  
  51  4:44  Drone  
  52  4:57  Overlord x2  
  52  5:02  Queen  
  52  5:05  Roach x2  
  52  5:06  Roach  
  51  5:17  Roach x3  
  48  5:43  Roach x4  
  54  6:05  Lair  
  54  6:06  Evolution Chamber  
  54  6:08  Drone  
  54  6:09  Drone x6  
  60  6:20  Overlord  
  60  6:21  Overlord  
  60  6:23  Drone  
  61  6:28  Queen  
  63  6:33  Overlord  
  63  6:41  Overlord  
  63  6:44  Zerg Missile Weapons Level 1  
  63  6:48  Drone x4  
  63  6:50  Drone  
  68  7:07  Roach  
  68  7:08  Roach x5  
  80  7:19  Roach  
  80  7:20  Roach x4  
  70  7:28  Evolution Chamber  
  69  7:31  Evolution Chamber  
  69  7:32  Evolution Chamber  
  69  7:35  Roach x3  
  71  7:45  Queen  
  72  8:00  Spore Crawler x2  
  72  8:03  Spore Crawler  
  61  8:06  Spore Crawler x2  
  61  8:09  Spore Crawler  
  61  8:10  Spore Crawler  
  61  8:12  Drone x3  
  54  8:13  Spore Crawler x3  
  54  8:15  Ravager x2  
  54  8:16  Ravager  
  54  8:18  Ravager  
  49  8:23  Ravager  
  49  8:24  Ravager  
  48  8:41  Ravager  
  48  8:42  Ravager x5  
  48  8:48  Zergling x4  
Show
View Real Time Build Order
Export as new Build Order

madhum Zerg - Winner!

Build Orders: Hatch First 

Get SALT Encoding   

  12  0:01  Drone  
  13  0:13  Overlord  
  13  0:19  Drone  
  14  0:33  Drone x2  
  16  0:36  Drone  
  17  0:58  Hatchery  
  17  1:01  Drone  
  17  1:03  Extractor  
  16  1:05  Drone  
  17  1:21  Spawning Pool  
  17  1:23  Drone  
  17  1:32  Extractor  
  16  1:33  Drone x2  
  18  1:40  Drone  
  19  1:51  Overlord  
  19  2:08  Metabolic Boost  
  19  2:09  Queen  
  19  2:10  Zergling x2  
  19  2:11  Zergling x2  
  23  2:21  Queen  
  25  2:25  Drone  
  26  2:39  Baneling Nest  
  26  2:40  Drone  
  26  2:52  Zergling x2  
  26  2:55  Drone x2  
  26  2:56  Drone  
  30  3:03  Queen  
  32  3:05  Overlord  
  32  3:31  Baneling x2  
  32  3:35  Drone x2  
  32  3:36  Drone x4  
  38  3:52  Drone, Overlord  
  38  3:53  Drone x4  
  42  4:14  Zergling x18  
  50  4:30  Overlord  
  50  4:31  Overlord  
  50  4:38  Extractor  
  50  4:40  Drone, Extractor  
  50  4:41  Roach Warren  
  48  4:46  Overlord  
  48  4:48  Lair  
  47  5:03  Zergling x14  
  47  5:05  Baneling x2  
  52  5:13  Zergling x2  
  49  5:30  Zergling x8  
  51  5:51  Drone x2  
  51  5:53  Spire  
  52  5:57  Drone x2  
  53  6:19  Zergling x4  
  53  6:20  Zergling x12  
  53  6:24  Drone  
  53  6:25  Evolution Chamber  
  61  6:37  Baneling x5  
  61  6:38  Baneling x5  
  61  6:39  Baneling x3  
  61  6:40  Baneling x2  
  61  6:41  Overlord  
  61  6:42  Overlord x2  
  61  7:08  Mutalisk x6  
  68  7:20  Mutalisk  
  63  7:31  Drone x2  
  63  7:32  Hatchery, Drone x6  
  69  7:48  Mutalisk x2  
  69  8:08  Zergling x2  
  69  8:09  Zergling x14  
  77  8:25  Spine Crawler  
  77  8:26  Spine Crawler x2  
  74  8:27  Spine Crawler  
  74  8:28  Spine Crawler  
  71  8:41  Zergling x16  
  68  8:42  Zergling x8  
Tags
 
Add a new tag
Caveats
  • Supply blocks, unpowered buildings, or Contaminate may cause inaccurate times.
  • Supply counts are checked every 10 seconds.